 Dungeon Crawl Stone Soup version 0.28.0-47-ge53b351184 (webtiles) character file.

Game seed: 9907167995907533496

51 seaoflcl the Slasher (level 3, 0/30 HPs)
             Began as a Demigod Fighter on May 6, 2022.
             Slain by an adder (4 damage)
             ... on level 2 of the Dungeon.
             The game lasted 00:02:12 (1393 turns).

seaoflcl the Slasher (Demigod Fighter)              Turns: 1393, Time: 00:02:13

Health: 0/30       AC:  8    Str: 21    XL:     3   Next: 38%
Magic:  5/5        EV:  7    Int: 10    God:
Gold:   104        SH:  4    Dex: 13    Spells: 2/2 levels left

rFire   . . .      SeeInvis .   a - +0 long sword
rCold   . . .      Faith    .   c - +0 buckler
rNeg    . . .      Spirit   .   e - +0 chain mail
rPois   .          Reflect  .   (no helmet)
rElec   .          Harm     .   (no cloak)
rCorr   .          Rampage  .   (no gloves)
Will    .....                   (no boots)
Stlth   ..........              (no amulet)
HPRegen 0.10/turn               (no ring)
MPRegen 0.09/turn               (no ring)

@: lethally poisoned (0 -> -6)
A: high MP 1, forlorn, divine attributes
a: no special abilities


You were on level 2 of the Dungeon.
You visited 1 branch of the dungeon, and saw 3 of its levels.

You collected 104 gold pieces.

Inventory:

Hand Weapons
 a - a +0 long sword (weapon)
Armour
 c - a +0 buckler (worn)
 e - a +0 chain mail (worn)
Scrolls
 f - a scroll of amnesia {unknown}
 g - a scroll of summoning {unknown}
 h - 2 scrolls of fear {unknown}
 j - a scroll of identify {unknown}
Potions
 b - a potion of resistance {unknown}
 d - a potion of might
 i - a potion of heal wounds {unknown}
 k - 2 potions of curing {unknown}


   Skills:
 - Level 2.6 Fighting
 * Level 3.6 Long Blades
 - Level 2.6 Armour
 - Level 2.6 Shields


You had 2 spell levels left.
You didn't know any spells.
Your spell library was empty.

Dungeon Overview and Level Annotations

Branches:
Dungeon (3/15)


Innate Abilities, Weirdness & Mutations

You have an increased reservoir of magic. (+10% MP)
You shall have no god before yourself.
Your divine heritage dramatically boosts your attributes as you level up.


Message History

You block the adder's attack.
You miss the adder.
The adder is heavily wounded.
The goblin hits you but does no damage. The adder closely misses you.
You block the goblin's attack. The adder bites you but does no damage.
You miss the adder.
The adder is heavily wounded.
The adder bites you.
You are poisoned.
The adder poisons you! The goblin hits you but does no damage.
You hit the adder but do no damage.
The adder is heavily wounded.
You feel sick. The adder bites you but does no damage.
The goblin hits you but does no damage. The adder barely misses you.
You barely miss the adder.
The adder is heavily wounded.
You feel sick. The goblin hits you but does no damage.
You block the adder's attack.
You barely miss the adder.
The adder is heavily wounded.
You feel sick.
You are no longer poisoned.
You block the adder's attack. The goblin hits you but does no damage.
The adder bites you.
You are poisoned.
The adder poisons you! The goblin hits you with a +0 club.
You closely miss the adder.
The adder is heavily wounded.
You feel sick. You block the adder's attack.
The goblin hits you but does no damage. The adder bites you.
* * * LOW HITPOINT WARNING * * *
You are lethally poisoned!
The adder poisons you!
You barely miss the adder.
The adder is heavily wounded.
* * * LOW HITPOINT WARNING * * *
You feel very sick. You block the adder's attack. The goblin barely misses you.
The adder bites you.
You die...

..........#.#
####......#.####### #
##.......#.....## #
#..............## #
#...............# #
#...............# ###
#...............#
..###...............#
#..............S@...#
####...........g....#
####...............##
..................##
######.......######
#####..## ##.# ###


You could see an adder and a goblin.

Vanquished Creatures
  An adder (D:2)
  A gnoll (D:1)
  A dart slug (D:2)
  5 endoplasms
  4 goblins
  A hobgoblin (D:1)
  2 kobolds
  3 quokkas
  3 ball pythons
  2 bats (D:1)
  6 rats
29 creatures vanquished.

Notes
Turn   | Place    | Note
-------+----------+-------------------------------------------
     0 | D:1      | seaoflcl the Demigod Fighter began the quest for the Orb.
     0 | D:1      | Reached XP level 1. HP: 18/18 MP: 3/3
    35 | D:1      | Reached skill level 2 in Long Blades
   257 | D:1      | Reached XP level 2. HP: 23/25 MP: 4/4
   524 | D:1      | Reached skill level 3 in Long Blades
   879 | D:2      | Reached XP level 3. HP: 30/30 MP: 5/5
  1393 | D:2      | Slain by an adder

Illustrated notes

Levels and vault maps discovered:
D:1:      beargit_arrival_greenhouse, layout_basic,
          ebering_ecumenical_altar_ruins, feat_on_display
D:2:      layout_rooms
D:3:      layout_loops_ring, serial_park_tiny_2, uniq_grinder

Skill      XL: |  1  2 |
---------------+-------+-----
Long Blades    | 2 3 |  3.6
Fighting       | |  2.6
Armour         | |  2.6
Shields        | |  2.6

Action                   || total
-------------------------++-------
Melee: Long sword        ||    85
Armor: Scale mail        ||     9
       Chain mail        ||    41
Dodge: Dodged            ||    27
Block: Buckler           ||    26
